 Dungeon Crawl Stone Soup version 0.29.1-12-g30fa7ad0bf (webtiles) character file.

Game seed: 13695130278866186140

556833 DildoBatman the Petrodigitator (level 27, -18/214 (222) HPs)
             Began as a Formicid Conjurer on Dec 13, 2022.
             Was an Initiate of Gozag.
             Killed by an exploding bennu (22 damage)
             ... ignited by themself
             ... on level 3 of the Tomb of the Ancients.
             The game lasted 03:33:21 (55341 turns).

DildoBatman the Petrodigitator (Formicid Conjurer) Turns: 55341, Time: 03:33:22

HP:   -18/214 (222) AC: 22    Str: 13    XL:     27
MP:   14/42         EV: 15    Int: 44    God:    Gozag
Gold: 18933         SH: 24    Dex: 16    Spells: 28/56 levels left

rFire   + + .      SeeInvis +   a - +6 great sword "Mud Pie of Death" {protect, rElec rF+ Int+4}
rCold   + . .      Faith    .   Z - +4 tower shield {reflect}
rNeg    . . .      Spirit   .   o - +4 troll leather armour
rPois   .          Reflect  +   (helmet unavailable)
rElec   +          Harm     .   B - +2 cloak of Grand Tender Moments {rF+}
rCorr   +          Rampage  .   A - +2 pair of gloves
Will    ++...      Clarity  +   c - +1 pair of boots of a Gauntlet {Regen+ rCorr Int-2}
Stlth   +.........              m - amulet of magic regeneration
HPRegen 2.05/turn               M - ring "Amagits" {rC+ Int+7 Slay-6}
MPRegen 0.68/turn               k - +6 ring of intelligence

@: gold aura, contaminated, glowing, studying 3 skills, lightly drained
A: permanent stasis, dig shafts and tunnels, antennae 3, four strong arms,
hooves 1, iridescent scales 1, agile 1, clarity, MP-powered wands
}: 3/15 runes: barnacled, silver, gossamer
a: Dig, Shaft Self, Renounce Religion, Potion Petition, Call Merchant, Bribe
Branch


You were on level 3 of the Tomb of the Ancients.
You worshipped Gozag.
Gozag was extremely pleased with you.
You visited 10 branches of the dungeon, and saw 45 of its levels.
You visited 1 bazaar.
You also visited: Bailey, Gauntlet and Ice Cave.

You collected 25214 gold pieces.
You spent 5193 gold pieces at shops.
You paid 1088 gold pieces to Gozag.

Inventory:

Hand Weapons
 a - the +6 great sword "Mud Pie of Death" (weapon) {protect, rElec rF+ Int+4}
   (You found it on level 11 of the Dungeon)

   It grants its wielder temporary protection when it strikes (+7 to AC).
   Int:       It affects your intelligence (+4).
   rF:        It protects you from fire.
   rElec:     It insulates you from electricity.
 b - the +8 great sword of Lust {elec, rC+ Int+4 Dex+4}
   (You found it on level 3 of the Crypt)

   It occasionally discharges a powerful burst of electricity upon striking a
   foe.
   Int:       It affects your intelligence (+4).
   Dex:       It affects your dexterity (+4).
   rC:        It protects you from cold.
 d - the +10 spear of Truth {vorpal, rElec rC+ Int+4}
   (You found it on level 5 of the Vaults)

   It inflicts extra damage upon your enemies.
   Int:       It affects your intelligence (+4).
   rC:        It protects you from cold.
   rElec:     It insulates you from electricity.
Missiles
 H - 41 javelins
 P - 4 throwing nets
 U - 16 silver javelins
Armour
 c - the +1 pair of boots of a Gauntlet (worn) {Regen+ rCorr Int-2}
   (You bought it in a shop on level 5 of the Vaults)

   Int:       It affects your intelligence (-2).
   Regen:     It increases your rate of health regeneration.
   rCorr:     It protects you from acid and corrosion.
 o - a +4 troll leather armour (worn)
 A - a +2 pair of gloves (worn)
 B - the +2 cloak of Grand Tender Moments (worn) {rF+}
   (You found it on level 2 of the Crypt)

   rF:        It protects you from fire.
 Z - a +4 tower shield of reflection (worn)
Jewellery
 k - a +6 ring of intelligence (right hand)
 m - an amulet of magic regeneration (around neck)
 x - a +4 ring of protection
 E - the amulet of the Four Winds {rN+ Will+++ Clar}
   (You took it off a deep elf death mage on level 3 of the Elven Halls)

   [amulet of nothing]

   rN:        It protects you from negative energy.
   Clar:      It protects you against confusion.
   Will:      It greatly increases your willpower.
 I - the ring of Xaatih {rElec rF+ Int+4 SInv}
   (You found it on level 3 of the Elven Halls)

   [ring of protection from fire]

   Int:       It affects your intelligence (+4).
   rF:        It protects you from fire.
   rElec:     It insulates you from electricity.
   SInv:      It lets you see invisible.
 M - the ring "Amagits" (left hand) {rC+ Int+7 Slay-6}
   (You found it on level 5 of the Vaults)

   [ring of protection from cold]

   Int:       It affects your intelligence (+7).
   Slay:      It affects your accuracy & damage with ranged weapons and melee
   (-6).
   rC:        It protects you from cold.
 Q - a +4 ring of protection
Wands
 j - a wand of iceblast (37)
 t - a wand of acid (18)
Scrolls
 f - 2 scrolls of torment
 g - 5 scrolls of summoning
 p - 9 scrolls of immolation
 q - 7 scrolls of amnesia
 u - 8 scrolls of fear
 v - 9 scrolls of poison
 z - 24 scrolls of identify
 C - 3 scrolls of magic mapping
 S - 8 scrolls of butterflies
Potions
 h - 7 potions of might
 i - 30 potions of curing
 l - 7 potions of mutation
 r - 17 potions of brilliance
 s - 10 potions of magic
 y - 11 potions of ambrosia
 D - 5 potions of cancellation
 L - 8 potions of invisibility
 O - 5 potions of resistance
 T - 12 potions of heal wounds
Miscellaneous
 e - a phial of floods
 G - a condenser vane
 J - a box of beasts
 K - a lightning rod (4/4)
 W - a phantom mirror


   Skills:
 * Level 19.4 Fighting
 * Level 12.7 Armour
 * Level 9.7 Dodging
 - Level 2.4 Stealth
 * Level 15.8 Shields
 - Level 15.0 Spellcasting
 - Level 5.0 Conjurations
 - Level 22.0 Necromancy
 - Level 22.0 Transmutations
 O Level 27 Earth Magic


You had 28 spell levels left.
You knew the following spells:

 Your Spells              Type           Power      Damage    Failure   Level
a - Borgnjor's Vile Clut  Necr/Erth      64%        N/A       0%          5
b - Shatter               Erth           67%        3d49*     3%          9
c - Dispel Undead         Necr           100%       3d31      0%          4
d - Necromutation         Tmut/Necr      61%        N/A       1%          8
z - Sublimation of Blood  Necr           100%       N/A       0%          2

Your spell library contained the following spells:

 Spells                   Type           Power      Damage    Failure   Level
 Beastly Appendage        Tmut           100%       N/A       0%          1
 Necrotise                Necr           100%       1d9       0%          1
 Passwall                 Tmut/Erth      100%       N/A       0%          2
 Wereblood                Tmut           100%       N/A       0%          2
 Vampiric Draining        Necr           100%       2d13      0%          3
 Petrify                  Tmut/Erth      100%       N/A       0%          4
 Agony                    Necr           100%       N/A       0%          5
 Blade Hands              Tmut           61%        N/A       0%          5
 Lee's Rapid Deconstruct  Erth           67%        3d31*     0%          5
 Foxfire                  Conj/Fire      100%       2x1d9     1%          1
 Magic Dart               Conj           100%       1d8       1%          1
 Shock                    Conj/Air       100%       1d9       1%          1
 Sting                    Tmut/Pois      100%       1d8       1%          1
 Searing Ray              Conj           100%       2d8       1%          2
 Ignite Poison            Fire/Tmut/Pois 78%        N/A       1%          3
 Spider Form              Tmut/Pois      92%        N/A       1%          3
 Anguish                  Hex/Necr       46%        N/A       1%          4
 Animate Armour           Summ/Erth      100%       N/A       1%          4
 Ice Form                 Ice/Tmut       92%        N/A       1%          4
 Irradiate                Conj/Tmut      50%        3d28      1%          5
 Yara's Violent Unravell  Hex/Tmut       46%        3d18      1%          5
 Iron Shot                Conj/Erth      54%        9d10      1%          6
 Dragon Form              Tmut           61%        N/A       1%          7
 Borgnjor's Revivificati  Necr           61%        N/A       1%          8
 Infestation              Necr           61%        N/A       1%          8
 Apportation              Tloc           66%        N/A       2%          1
 Freeze                   Ice            100%       1d11      2%          1
 Summon Small Mammal      Summ           100%       N/A       2%          1
 Conjure Flame            Conj/Fire      53%        6-21      2%          3
 Dazzling Flash           Conj/Hex       100%       N/A       2%          3
 Call Imp                 Summ           33%        N/A       3%          2
 Ensorcelled Hibernation  Hex/Ice        66%        N/A       3%          2
 Poisonous Vapours        Pois/Air       66%        N/A       3%          2
 Mephitic Cloud           Conj/Pois/Air  47%        N/A       3%          3
 Eringya's Noxious Bog    Tmut/Pois      46%        N/A       4%          6
 Call Canine Familiar     Summ           33%        N/A       7%          3
 Confusing Touch          Hex            33%        N/A       7%          3
 Frozen Ramparts          Ice            66%        1d10      7%          3
 Gell's Gravitas          Tloc           33%        N/A       7%          3
 Inner Flame              Hex/Fire       33%        N/A       7%          3
 Lesser Beckoning         Tloc           33%        N/A       7%          3
 Ozocubu's Armour         Ice            33%        N/A       7%          3
 Portal Projectile        Hex/Tloc       66%        N/A       7%          3
 Summon Guardian Golem    Hex/Summ       33%        N/A       7%          3
 Teleport Other           Tloc           33%        N/A       7%          3
 Flame Wave               Conj/Fire      53%        2d13      9%          4
 Fulminant Prism          Conj/Hex       26%        3d14      9%          4
 Hailstorm                Conj/Ice       53%        3d12      9%          4
 Iskenderun's Mystic Bla  Conj/Tloc      53%        2d11      9%          4
 Haunt                    Necr/Summ      46%        N/A       22%         7
 Airstrike                Air            16%        2d(3-19)  24%         4
 Cause Fear               Hex            16%        N/A       24%         4
 Olgreb's Toxic Radiance  Pois           33%        N/A       24%         4
 Summon Ice Beast         Ice/Summ       33%        N/A       24%         4
 Death's Door             Necr           61%        N/A       28%         9
 Freezing Cloud           Conj/Ice/Air   23%        6-21      32%         5
 Manifold Assault         Tloc           33%        N/A       54%         5
 Metabolic Englaciation   Hex/Ice        16%        N/A       54%         5
 Summon Forest            Summ/Tloc      16%        N/A       54%         5
 Summon Mana Viper        Hex/Summ       33%        N/A       54%         5
 Dispersal                Tloc           16%        N/A       98%         6
 Summon Cactus Giant      Summ           16%        N/A       98%         6
 Enfeeble                 Hex            16%        N/A       100%        7
 Ozocubu's Refrigeration  Ice            16%        4d11      100%        7
 Summon Hydra             Summ           16%        N/A       100%        7
 Discord                  Hex            16%        N/A       100%        8
 Disjunction              Tloc           16%        N/A       100%        8
 Ignition                 Fire           16%        3d7       100%        8
 Chain Lightning          Conj/Air       26%        3d35      100%        9
 Dragon's Call            Summ           16%        N/A       100%        9
 Fire Storm               Conj/Fire      26%        8d7       100%        9
 Animate Dead             Necr           Unusable   N/A       N/A         4
 Corpse Rot               Necr/Pois/Air  Unusable   N/A       N/A         4
 Blink                    Tloc           Unusable   N/A       N/A         2
 Simulacrum               Ice/Necr       Unusable   N/A       N/A         6
 Swiftness                Air            Unusable   N/A       N/A         3

Dungeon Overview and Level Annotations

Branches:
Dungeon (15/15)            Temple (1/1) D:7            Lair (5/5) D:11
 Shoals (4/4) Lair:3       Spider (4/4) Lair:2        Slime (0/5) Lair:5
    Orc (2/2) D:12            Elf (3/3) Orc:2        Vaults (5/5) D:13
  Crypt (3/3) Vaults:3       Tomb (3/3) Crypt:3      Depths (0/4) D:15
 Bailey (visited)           IceCv (visited)         Gauntlet (visited)

Altars:
Ashenzari
Cheibriados
Dithmenos
Elyvilon
Fedhas
Gozag
Hepliaklqana
Kikubaaqudgha
Makhleb
Nemelex Xobeh
Okawaru
Qazlal
Ru
Sif Muna
Trog
Uskayaw
Vehumet
Wu Jian
Xom
Yredelemnul
Zin
The Shining One
Jiyva

Shops:
D:6 =   D:9 [*((   D:13 =   D:15 =*(   Orc:2 :**!   Vaults:1 *=*[*   Vaults:2 [
Vaults:5 [


Innate Abilities, Weirdness & Mutations

You cannot be hasted, slowed, berserked, paralysed or teleported.
You can dig through walls and to a lower floor.
You have a pair of large antennae on your head. (SInv)
Your four strong arms can wield two-handed weapons with a shield.
You have large cloven feet.
You are partially covered in iridescent scales. (AC +2)
You are agile. (Dex +4, Str/Int -1)
You possess an exceptional clarity of mind.
You expend magic power (3 MP) to strengthen your wands.


Message History

The royal mummy is no longer distracted by gold. x3
You block the bennu's attack. x3
The mummy priest calls on the powers of darkness!
The bennu convulses!
Your body is wracked with pain!
The royal mummy is distracted by your dazzling golden aura. x2
The bennu pecks you!
The bennu claws you but does no damage. x2
Casting: Borgnjor's Vile Clutch (safe; 0% risk of failure)
Confirm with . or Enter, or press ? or * to list all spells.
The dungeon rumbles!
The bennu is almost dead.
You destroy the royal mummy!
The royal mummy is heavily damaged.
You destroy the royal mummy!
You destroy the mummy priest!
You destroy the royal mummy!
The royal mummy is no longer distracted by gold.
The royal mummy is severely damaged.
You destroy the death scarab!
The death scarab's corpse disappears in a puff of smoke!
You destroy the death scarab!
The death scarab's corpse disappears in a puff of smoke!
Ka-crash!
You feel extremely nervous for a moment...
Pain shoots through your body!!
You feel extremely nervous for a moment...
Pain shoots through your body!
You feel extremely nervous for a moment...
Your body is wracked with pain!
You feel extremely nervous for a moment...
Pain shoots through your body!!
The zombie hands constrict the bennu!
The bennu, emptied of spiritual energy, fades out from this realm.
You hear a faint skittering sound. x4
The bennu blazes out!
The pyre of ghostly fire engulfs you!!
You feel drained.
You die...
Your body crumbles into a pile of gold. $$$$$ .^..#B§§s§.BzBM$$§ $$$$ ....$$$$$...$.$?.s!$)): $$$$$ $ .....^..$M..$.§.^BsB:[" $$$$$$ .^...$$$..$.$.$§Z$$)$}) $$$$$$ .^...$$^$$..$.$.§$§§}[# $$$$$$ ......$$$..M$..$$$|:[## $$$$$

....^.$$$....§..$|)}##
$$$$$.....$$$$......$$:)##
$$$ .......@$..##$$.$)##
...#...$$$$$$$#####
.........$.#...
▓▓▓▓▓▓▓▓▓▓▓▓▓▓▓


You could see 2 royal mummies.

Vanquished Creatures
  A dread lich (Crypt:1)
  23 royal mummies
  Bai Suzhen (Shoals:3)
  Saint Roka (Crypt:1)
  Frederick (Crypt:2)
  A profane servitor (Crypt:3)
  Arachne (Spider:2)
  Nikola (Spider:1)
  A bone dragon (Crypt:3)
  Jory (Vaults:4)
  2 tentacled monstrosities (Vaults:5)
  3 deep elf blademasters
  2 deep elf master archers (Elf:3)
  4 liches
  A shard shrike skeleton (Crypt:2)
  5 titans
  11 ancient champions
  Polyphemus (Shoals:2)
  14 sphinxes
  4 tengu reavers (Vaults:5)
  6 shadow dragons
  A storm dragon (Vaults:5)
  Kirke (Lair:3)
  9 revenants
  Ilsuiw (Shoals:3)
  A fire giant (Vaults:5)
  Louise (Elf:2)
  5 deep elf sorcerers
  2 frost giants (IceCv)
  A ghost moth (Spider:1)
  18 vault wardens
  3 curse skulls
  6 emperor scorpions
  2 orc warlords
  3 ghouls
  5 deep elf elementalists (Elf:3)
  12 very ugly things
  A broodmother (Spider:4)
  11 ironbound preservers
  8 war gargoyles
  9 ironbound thunderhulks
  5 stone giants
  The ghost of duchin the Severer, a journeyman HOGl of Qazlal (Lair:3)
  12 bennus
  15 vampire knights
  7 deep elf demonologists
  The ghost of Kinla the Bludgeoner, a journeyman MiBe of Trog (Lair:4)
  An eleionoma (shapeshifter) (Vaults:5)
  8 entropy weavers
  2 minotaurs
  11 dire elephants
  A bunyip (shapeshifter) (D:15)
  2 deep elf annihilators (Elf:3)
  3 spark wasps
  The ghost of duchin the Cruncher, a journeyman HOGl of Okawaru (Lair:2)
  6 ettins
  A crystal guardian (Vaults:3)
  12 deep elf death magi
  7 merfolk impalers
  A white draconian (IceCv)
  7 eidola
  22 jiangshi
  18 mummy priests
  13 yaktaur captains
  An elf zombie (Crypt:1)
  5 great orbs of eyes
  5 deep elf high priests
  A rakshasa (D:15)
  12 hydras
  Harold (D:9)
  7 ice dragons (IceCv)
  4 ogre magi
  3 peacekeepers
  A spriggan zombie (Crypt:1)
  11 boulder beetles
  48 vault guards
  2 alligator snapping turtles
  A radroach (Spider:1)
  A spriggan skeleton (Tomb:3)
  15 ironbound frosthearts
  A fenstrider witch skeleton (Tomb:1)
  5 death knights
  3 catoblepae
  2 jorogumos (Spider:3)
  4 merfolk aquamancers
  8 centaur warriors
  10 death yaks
  10 satyrs
  9 two-headed ogres
  6 vampire magi
  89 death scarabs
  A deep troll earth mage (Vaults:4)
  2 tengu warriors
  18 dancing weapons
  A hell knight (Vaults:5)
  3 orc high priests (Orc:2)
  11 deep elf knights
  3 soul eaters
  A storm dragon zombie (Crypt:1)
  9 shadow wraiths
  4 pharaoh ants
  2 storm dragon skeletons
  6 steelbarb worms
  3 anaconda zombies (Crypt:1)
  A shadow dragon zombie (Crypt:1)
  62 skeletal warriors
  17 deep trolls
  8 sea snakes
  4 flayed ghosts
  An orb spider (Spider:2)
  6 wizards
  2 sun moths
  5 deep elf archers
  A glowing orange brain (Vaults:3)
  21 ironbound convokers
  An anaconda skeleton (Crypt:3)
  7 necromancers
  An orange crystal statue (IceCv)
  16 lindwurms
  A golden dragon skeleton (Crypt:3)
  A bog body (Crypt:1)
  5 phantasmal warriors
  A fenstrider witch simulacrum (Crypt:1)
  19 wolf spiders
  Pikel (D:7)
  13 harpies
  29 deep elf pyromancers
  21 orc knights
  A sphinx zombie (Vaults:5)
  20 ugly things
  An iron dragon zombie (Vaults:5)
  A tengu skeleton (Vaults:5)
  25 deep elf zephyrmancers
  10 fauns
  10 orc sorcerers
  A salamander (shapeshifter) (D:15)
  14 cyclopes
  21 manticores
  2 shining eyes (shapeshifter)
  2 moths of wrath
  An oklob plant (Gauntlet)
  2 dire elephant zombies
  A guardian serpent (Vaults:3)
  Joseph (Lair:1)
  A black mamba (shapeshifter) (Elf:1)
  25 elephants
  A water nymph (Shoals:3)
  8 merfolk sirens
  15 vault sentinels
  A centaur zombie (Crypt:1)
  11 black mambas
  A titan simulacrum (Tomb:2)
  2 gargoyles (Gauntlet)
  A centaur skeleton (Crypt:1)
  A molten gargoyle (Gauntlet)
  4 cane toads
  A naga skeleton (Crypt:1)
  15 demonic crawlers
  7 torpor snails
  An orc skeleton (Tomb:2)
  Maggie (D:7)
  29 yaktaurs
  10 freezing wraiths
  2 dire elephant skeletons (Tomb:2)
  12 komodo dragons
  10 rime drakes
  A yaktaur skeleton (Vaults:5)
  A steelbarb worm zombie (Crypt:2)
  22 merfolk
  3 tengu conjurers
  A green draconian skeleton (Crypt:1)
  43 guardian mummies
  A meliai (shapeshifter) (Vaults:5)
  7 meliai
  8 hornets
  A troll (D:9)
  A sphinx simulacrum (Vaults:5)
  9 polar bears
  A hydra skeleton (Tomb:2)
  62 slime creatures
  A tarantella zombie (Crypt:1)
  A wolf spider simulacrum (D:14)
  10 wind drakes
  2 harpy skeletons (Crypt:1)
  27 tarantellas
  5 blink frogs (Lair:3)
  A slime creature (shapeshifter) (Vaults:5)
  26 dream sheep
  An ettin zombie (Crypt:3)
  5 snapping turtles
  A satyr zombie (Crypt:1)
  28 jumping spiders
  4 air elementals
  66 flying skulls
  4 shadows (Crypt:3)
  A satyr skeleton (Crypt:2)
  A dire elephant simulacrum (Tomb:2)
  2 centaur simulacra (D:15)
  18 spriggans
  4 wyverns
  12 culicivoras
  3 wraiths
  20 yaks
  18 water elementals
  A golden eye (shapeshifter) (D:15)
  6 basilisks
  3 hogs (Lair:4)
  A vampire (D:11)
  9 ushabtiu
  10 vampire mosquitoes
  A steam dragon (Lair:3)
  10 fire elementals
  41 redbacks
  8 wargs
  A faun zombie (Crypt:1)
  A cane toad zombie (Crypt:2)
  6 acid dragons
  7 water moccasins
  A water nymph skeleton (Crypt:1)
  A fire dragon simulacrum (Crypt:1)
  50 orc warriors
  5 black bears
  A blink frog zombie (Crypt:2)
  An ice beast (D:8)
  4 ogres
  26 wolves
  18 centaurs
  8 boggarts
  3 lemures
  A phantom (D:4)
  3 kobold brigands
  A komodo dragon zombie (Crypt:1)
  2 earth elementals
  9 bullfrogs
  8 necrophages
  5 scorpions
  4 wights (D:7)
  11 killer bees
  2 howler monkeys
  A troll skeleton (Crypt:2)
  3 electric eels
  5 jellies
  4 hounds
  Crazy Yiuf (D:7)
  10 orc priests
  2 gnoll boudas
  10 iguanas
  21 orc wizards
  11 hell rats
  4 small abominations (Crypt:3)
  A boggart skeleton (D:15)
  44 mummies
  19 gnolls
  7 adders
  A shadow imp (D:6)
  A white imp (D:8)
  2 ufetubi
  3 worms
  A dart slug (D:2)
  122 orcs
  5 ball pythons (D:3)
  4 endoplasms
  5 giant cockroaches
  14 goblins
  10 hobgoblins
  4 jackals (D:5)
  2 quokkas
  5 bats
  22 kobolds
  6 rats
  2 butterflies (Lair:5)
2230 creatures vanquished.

Vanquished Creatures (others)
  A deep elf knight (Elf:2)
  A deep elf pyromancer (D:14)
  A moth of wrath (Spider:2)
  A deep elf zephyrmancer (Elf:2)
  A manticore (Shoals:1)
  A bullfrog (Lair:4)
  An orc (Temple)
  46 fungi
  79 plants
132 creatures vanquished.

Grand Total: 2362 creatures vanquished

Notes
Turn   | Place    | Note
-------+----------+-------------------------------------------
     0 | D:1      | DildoBatman the Formicid Conjurer began the quest for the
                  | Orb.
     0 | D:1      | Reached XP level 1. HP: 13/13 MP: 3/3
   161 | D:1      | Reached XP level 2. HP: 20/20 MP: 3/5
   164 | D:1      | Learned a level 2 spell: Searing Ray
   563 | D:1      | Found a faded altar of an unknown god.
   729 | D:2      | Reached skill level 1 in Armour
   740 | D:2      | Reached skill level 1 in Fighting
   740 | D:2      | Reached XP level 3. HP: 26/26 MP: 3/6
  1129 | D:3      | Reached XP level 4. HP: 32/32 MP: 0/8
  1405 | D:3      | Found a shadowy altar of Dithmenos.
  1526 | D:3      | Identified the ring "Qahim" {Contam rElec Will+ Str+3
                  | Int+2}
  1875 | D:3      | Reached XP level 5. HP: 36/38 MP: 9/9
  2384 | D:4      | Reached XP level 6. HP: 30/46 MP: 1/11
  2600 | D:4      | Found a basalt altar of Yredelemnul.
  2642 | D:4      | Reached XP level 7. HP: 23/52 MP: 4/13
  2649 | D:4      | Reached skill level 5 in Conjurations
  2784 | D:4      | Learned a level 3 spell: Vampiric Draining
  2998 | D:4      | Reached skill level 1 in Shields
  3184 | D:5      | Entered Level 5 of the Dungeon
  3393 | D:5      | You fall into a shaft and drop 1 floor!
  3425 | D:6      | Found a glowing silver altar of Zin.
  3442 | D:6      | Reached skill level 5 in Shields
  3476 | D:6      | Reached XP level 8. HP: 12/58 MP: 2/14
  3599 | D:6      | Identified the +11 war axe of the Swamp {freeze, rElec
                  | Dex+2}
  3649 | D:6      | Found a glowing golden altar of the Shining One.
  3850 | D:6      | Found Ocizic's Jewellery Shoppe.
  3894 | D:6      | Found an opulent altar of Gozag.
  3973 | D:6      | Found an ornate altar of the Wu Jian Council.
  4509 | D:5      | Reached skill level 1 in Necromancy
  4516 | D:5      | Reached XP level 9. HP: 64/64 MP: 6/15
  4824 | D:7      | Noticed Pikel
  4937 | D:7      | Found a staircase to the Ecumenical Temple.
  4946 | Temple   | Entered the Ecumenical Temple
  4989 | Temple   | Became a worshipper of Kikubaaqudgha
  5040 | D:7      | Reached skill level 5 in Spellcasting
  5206 | D:7      | Killed Pikel
  5206 | D:7      | Reached * piety under Kikubaaqudgha
  5206 | D:7      | Received a gift from Kikubaaqudgha
  5207 | D:7      | Reached skill level 5 in Fighting
  5207 | D:7      | Reached skill level 5 in Armour
  5215 | D:7      | Noticed Maggie
  5224 | D:7      | Found a flagged portal.
  5231 | Bailey   | Entered a bailey
  5657 | Bailey   | Reached XP level 10. HP: 57/74 MP: 9/19
  5834 | Bailey   | Reached skill level 5 in Necromancy
  6875 | D:7      | Killed Maggie
  7289 | D:7      | Found a stormy altar of Qazlal.
  7509 | D:7      | Found a runed translucent door.
  7510 | D:7      | Noticed Crazy Yiuf
  7531 | D:7      | Killed Crazy Yiuf
  7862 | D:8      | Reached ** piety under Kikubaaqudgha
  8076 | D:8      | Found a broken altar of Ashenzari.
  8529 | D:9      | Reached XP level 11. HP: 67/79 MP: 21/21
  8583 | D:9      | Found Cemeuth's Weapon Shop.
  8635 | D:9      | Found Xoam's Antique Weapon Shop.
  8653 | D:9      | Reached skill level 10 in Necromancy
  8780 | D:9      | Reached *** piety under Kikubaaqudgha
  8780 | D:9      | Received a gift from Kikubaaqudgha
  8784 | D:9      | Learned a level 2 spell: Sublimation of Blood
  8789 | D:9      | Learned a level 4 spell: Dispel Undead
  8795 | D:9      | Learned a level 5 spell: Borgnjor's Vile Clutch
  8830 | D:9      | Found Raxifalo's Assorted Antiques.
  8838 | D:9      | Bought a green potion for 19 gold pieces
  8838 | D:9      | Bought a grey potion for 19 gold pieces
  8838 | D:9      | Bought a scroll labelled NEPNUSHR OGUSU for 22 gold pieces
  8898 | D:9      | Reached skill level 1 in Earth Magic
  8942 | D:9      | Noticed a tengu warrior
  8985 | D:9      | Found Vaobaong's Antique Armour Shoppe.
  9637 | D:5      | You fall into a shaft and drop 3 floors!
  9703 | D:10     | Entered Level 10 of the Dungeon
  9718 | D:10     | Reached skill level 2 in Earth Magic
  9919 | D:10     | Noticed Harold
  9957 | D:10     | Reached skill level 3 in Earth Magic
  9962 | D:9      | Killed Harold
  9963 | D:9      | Reached skill level 4 in Earth Magic
 10091 | D:10     | Got Waeluh's Meditations on Intoxicating Earth
 10094 | D:10     | Noticed a two-headed ogre
 10105 | D:10     | Killed a two-headed ogre
 10106 | D:10     | Reached skill level 5 in Earth Magic
 10109 | D:10     | Reached skill level 6 in Earth Magic
 10265 | D:10     | Found a transporter.
 10289 | D:10     | Found a snail-covered altar of Cheibriados.
 10455 | D:11     | Reached skill level 7 in Earth Magic
 10459 | D:11     | Found a staircase to the Lair.
 10472 | D:11     | Noticed a cyan ugly thing
 10519 | D:11     | Killed a cyan ugly thing
 10527 | D:11     | Reached skill level 8 in Earth Magic
 10569 | D:11     | Reached XP level 12. HP: 79/86 MP: 13/22
 10917 | D:11     | Found a sparkling altar of Nemelex Xobeh.
 11060 | D:11     | Identified the +6 great sword "Mud Pie of Death" {protect,
                  | rElec rF+ Int+4}
 11130 | D:11     | Reached skill level 9 in Earth Magic
 11506 | D:12     | Found a staircase to the Orcish Mines.
 11520 | D:12     | Reached skill level 10 in Earth Magic
 11577 | D:12     | Found a gate leading to a gauntlet.
 11640 | Gauntlet | Entered a Gauntlet
 11640 | Gauntlet | Found a transporter.
 11640 | Gauntlet | Found a transporter.
 11653 | Gauntlet | Found a transporter.
 11653 | Gauntlet | Found a transporter.
 11661 | Gauntlet | Found a transporter.
 11665 | Gauntlet | Found a transporter.
 11670 | Gauntlet | Noticed a ghost crab
 11673 | Gauntlet | Found a transporter.
 11688 | Gauntlet | Noticed a catoblepas
 11689 | Gauntlet | Found a transporter.
 11707 | Gauntlet | Found a transporter.
 11707 | Gauntlet | Found a transporter.
 11714 | Gauntlet | Found a runed translucent door.
 11714 | Gauntlet | Found a runed translucent door.
 11718 | Gauntlet | Found a transporter.
 11722 | Gauntlet | Found a transporter.
 11737 | Gauntlet | Noticed a catoblepas
 11741 | Gauntlet | Found a runed translucent door.
 11806 | Gauntlet | Killed a catoblepas
 11808 | Gauntlet | Reached **** piety under Kikubaaqudgha
 11809 | Gauntlet | Reached skill level 11 in Earth Magic
 11893 | Gauntlet | Gained mutation: You are weak. (Str -2) [potion of
                  | mutation]
 11893 | Gauntlet | Gained mutation: Your mind is acute. (Int +4, Str/Dex -1)
                  | [potion of mutation]
 11893 | Gauntlet | Gained mutation: Your natural rate of healing is unusually
                  | fast. [potion of mutation]
 12021 | Gauntlet | Killed a catoblepas
 12022 | Gauntlet | Reached skill level 12 in Earth Magic
 12030 | Gauntlet | Identified the amulet "Nohuat" {Acrobat +Inv rF+ rN+ Dex-5}
 12045 | Gauntlet | Noticed a minotaur
 12053 | Gauntlet | Killed a minotaur
 12068 | Gauntlet | Identified the +1 chain mail "Putyuffa" {-Tele rElec rC+++
                  | rCorr}
 12071 | Gauntlet | Identified the +1 scale mail of Marbles {Str+4}
 12201 | D:12     | Noticed a boulder beetle
 12219 | D:12     | Killed a boulder beetle
 12325 | D:9      | Reached skill level 10 in Shields
 12328 | D:9      | Killed a tengu warrior
 12335 | D:9      | You are sucked into a shaft and drop 3 floors!
 12378 | D:12     | Noticed a four-headed hydra
 12386 | D:12     | Killed a six-headed hydra
 12832 | D:12     | Reached XP level 13. HP: 91/91 MP: 17/23
 12877 | Orc:1    | Entered Level 1 of the Orcish Mines
 13137 | Orc:2    | Entered Level 2 of the Orcish Mines
 13137 | Orc:2    | Found a staircase to the Elven Halls.
 13674 | Orc:2    | Reached ***** piety under Kikubaaqudgha
 14183 | Orc:2    | Reached skill level 15 in Shields
 14296 | Orc:2    | Found Cimikum's General Store.
 14296 | Orc:2    | Found Daidav's Book Shoppe.
 14297 | Orc:2    | Found Wuom's Distillery.
 14304 | Orc:2    | Found Uxenwe's General Store.
 14583 | Orc:2    | Bought a potion of mutation for 96 gold pieces
 14583 | Orc:2    | Bought a potion of mutation for 96 gold pieces
 14591 | Orc:2    | Bought a potion of heal wounds for 90 gold pieces
 14591 | Orc:2    | Lost mutation: Your natural rate of healing is unusually
                  | fast. [potion of mutation]
 14591 | Orc:2    | Lost mutation: You are weak. (Str -2) [potion of mutation]
 14591 | Orc:2    | Gained mutation: Your spells are a little harder to cast,
                  | but a little more powerful. [potion of mutation]
 14591 | Orc:2    | Gained mutation: Armour fits poorly on your strangely
                  | shaped body. [potion of mutation]
 14592 | Orc:2    | Lost mutation: Your spells are a little harder to cast, but
                  | a little more powerful. [potion of mutation]
 14592 | Orc:2    | Lost mutation: Your mind is acute. (Int +4, Str/Dex -1)
                  | [potion of mutation]
 14592 | Orc:2    | Lost mutation: Armour fits poorly on your strangely shaped
                  | body. [potion of mutation]
 14592 | Orc:2    | Gained mutation: A frigid envelope surrounds you and
                  | freezes all who hurt you. [potion of mutation]
 14592 | Orc:2    | Gained mutation: You are clumsy. (Dex -2) [potion of
                  | mutation]
 14593 | Orc:2    | Lost mutation: You are clumsy. (Dex -2) [potion of
                  | mutation]
 14593 | Orc:2    | Lost mutation: A frigid envelope surrounds you and freezes
                  | all who hurt you. [potion of mutation]
 14593 | Orc:2    | Gained mutation: You possess an exceptional clarity of
                  | mind. [potion of mutation]
 14593 | Orc:2    | Gained mutation: Your spells are a little harder to cast,
                  | but a little more powerful. [potion of mutation]
 14678 | D:13     | Found a gate to the Vaults.
 14678 | D:13     | Noticed a vault guard
 14678 | D:13     | Noticed a vault guard
 14678 | D:13     | Noticed a vault guard
 14678 | D:13     | Noticed a vault guard
 14678 | D:13     | Noticed a vault guard
 14678 | D:13     | Noticed a vault guard
 14678 | D:13     | Noticed a vault guard
 14681 | D:13     | Noticed a vault guard
 14684 | D:13     | Killed a vault guard
 14685 | D:13     | Killed a vault guard
 14686 | D:13     | Killed a vault guard
 14687 | D:13     | Killed a vault guard
 14687 | D:13     | Killed a vault guard
 14688 | D:13     | Reached XP level 14. HP: 92/101 MP: 16/25
 15222 | D:13     | Found Asimp's Jewellery Shoppe.
 15508 | D:13     | Reached skill level 5 in Dodging
 16777 | D:15     | Entered Level 15 of the Dungeon
 16873 | D:15     | Found Dakkan's Jewellery Shoppe.
 16882 | D:15     | Found Nonnemme's Assorted Antiques.
 16937 | D:15     | Bought a scroll labelled GIUWIA NOXOY for 28 gold pieces
 17030 | D:15     | Found Xuomas's Antique Weapon Boutique.
 17069 | D:15     | Noticed a bunyip
 17069 | D:15     | an ettin changed into a bunyip
 17100 | D:15     | Killed a bunyip
 17101 | D:15     | Reached XP level 15. HP: 63/112 MP: 22/28
 17114 | D:15     | Reached ****** piety under Kikubaaqudgha
 17115 | D:15     | Received a gift from Kikubaaqudgha
 17116 | D:15     | Fell from the grace of Kikubaaqudgha
 17335 | D:6      | Became a worshipper of Gozag Ym Sagoz the Greedy
 18047 | D:15     | Found a staircase to the Depths.
 18392 | D:15     | Bought a potion of curing for 84 gold pieces
 18392 | D:15     | Bought a potion of heal wounds for 140 gold pieces
 18392 | D:15     | Bought a scroll of identify for 56 gold pieces
 18392 | D:15     | Bought a glowing jade amulet for 140 gold pieces
 18535 | Lair:1   | Entered Level 1 of the Lair of Beasts
 18650 | Orc:2    | Bought a potion of resistance for 120 gold pieces
 18650 | Orc:2    | Bought a potion of curing for 36 gold pieces
 18650 | Orc:2    | Bought a potion of curing for 36 gold pieces
 18652 | Orc:2    | Bought a potion of cancellation for 88 gold pieces
 18897 | Lair:1   | Reached skill level 10 in Spellcasting
 18941 | Lair:1   | Noticed Joseph
 18961 | Lair:1   | Killed Joseph
 19691 | Lair:2   | Found a runed translucent door.
 19692 | Lair:2   | Noticed duchin's ghost (journeyman HOGl)
 19866 | Lair:2   | Found a hole to the Spider Nest.
 20087 | Lair:2   | Reached skill level 10 in Armour
 20157 | Lair:2   | Reached skill level 10 in Fighting
 20599 | Lair:2   | Killed duchin's ghost
 20745 | Orc:2    | Bought a wand of iceblast (4) for 172 gold pieces
 20745 | Orc:2    | Bought a scroll of torment for 171 gold pieces
 20950 | Lair:3   | Found a runed translucent door.
 20951 | Lair:3   | Noticed duchin's ghost (journeyman HOGl)
 20958 | Lair:3   | Killed duchin's ghost
 21123 | Lair:3   | Found a staircase to the Shoals.
 21403 | Lair:3   | Reached XP level 16. HP: 109/122 MP: 22/30
 21873 | Lair:4   | Noticed Kirke
 21946 | Lair:4   | HP: 6/123 [something (4)]
 21947 | Lair:4   | HP: 2/123 [poisoned by a black mamba]
 22550 | Lair:4   | Found a shimmering blue altar of Sif Muna.
 22811 | Lair:4   | Found a runed translucent door.
 22812 | Lair:4   | Noticed Kinla's ghost (journeyman MiBe)
 22813 | Lair:4   | Identified the +1 trident of Dung {vorpal, rElec}
 22856 | Lair:4   | Killed Kinla's ghost
 22934 | Lair:5   | Entered Level 5 of the Lair of Beasts
 23001 | Lair:5   | Found a viscous altar of Jiyva.
 23001 | Lair:5   | Found a staircase to the Slime Pits.
 23996 | Lair:3   | Noticed a sphinx
 23997 | Lair:3   | Killed Kirke
 24049 | Lair:3   | Was forgiven by Kikubaaqudgha
 24050 | Shoals:1 | Entered Level 1 of the Shoals
 24733 | Shoals:2 | Found a frozen archway.
 24740 | Shoals:2 | Reached XP level 17. HP: 119/134 MP: 24/33
 24774 | IceCv    | Entered an ice cave
 24788 | IceCv    | Reached skill level 15 in Fighting
 24916 | IceCv    | HP: 4/144 [ironbound frostheart/creeping frost (17)]
 25794 | Shoals:2 | Noticed Polyphemus
 26119 | Shoals:2 | Killed Polyphemus
 26846 | Shoals:3 | Reached XP level 18. HP: 79/159 MP: 25/34
 27083 | Shoals:3 | Reached skill level 13 in Earth Magic
 27267 | Shoals:3 | Noticed Ilsuiw
 27287 | Shoals:3 | Killed Ilsuiw
 27874 | Shoals:4 | Entered Level 4 of the Shoals
 27882 | Shoals:4 | Noticed Bai Suzhen
 27920 | Shoals:3 | Killed Bai Suzhen
 28257 | Shoals:4 | Reached skill level 14 in Earth Magic
 28651 | Shoals:4 | Got a barnacled rune of Zot
 29387 | Spider:1 | Entered Level 1 of the Spider Nest
 29570 | Spider:1 | Reached XP level 19. HP: 149/166 MP: 32/37
 29914 | Spider:1 | Identified the +10 war axe of the Original Sin {antimagic,
                  | rC++}
 29984 | Spider:1 | Reached skill level 15 in Earth Magic
 30561 | Spider:2 | Noticed Arachne
 30587 | Spider:2 | Killed Arachne
 30773 | Spider:2 | Noticed Nikola
 30941 | Spider:1 | Killed Nikola
 32225 | Spider:3 | Reached skill level 16 in Earth Magic
 32237 | Spider:3 | Found a transporter.
 32240 | Spider:3 | Found a transporter.
 32465 | Spider:3 | Identified the +7 lajatang of Zamugij {flame, rF+ Stlth+}
 32726 | Spider:3 | Reached skill level 15 in Spellcasting
 32726 | Spider:3 | Reached skill level 15 in Necromancy
 32752 | Spider:3 | Got the +0 pair of boots of Duty {Int+3}
 33384 | Spider:4 | Entered Level 4 of the Spider Nest
 33877 | Spider:4 | Reached XP level 20. HP: 174/174 MP: 35/39
 34271 | Spider:4 | Reached skill level 17 in Earth Magic
 34592 | Spider:4 | Got a gossamer rune of Zot
 35278 | Vaults:1 | Entered Level 1 of the Vaults
 35285 | Vaults:1 | Found Piplumit's Assorted Antiques.
 35297 | Vaults:1 | Bought a scroll labelled BIUWKI MIAS for 42 gold pieces
 35297 | Vaults:1 | Bought a scroll labelled POLIAH GI ZIE for 42 gold pieces
 35297 | Vaults:1 | Bought a potion of curing for 126 gold pieces
 35297 | Vaults:1 | Bought a potion of curing for 126 gold pieces
 35327 | Vaults:1 | Identified a scroll of acquirement
 35560 | Vaults:1 | Found Finlegh's General Store.
 35565 | Vaults:1 | Bought a potion of curing for 39 gold pieces
 35565 | Vaults:1 | Bought 2 scrolls of poison for 104 gold pieces
 35852 | Vaults:1 | Found Liqodd's Assorted Antiques.
 35860 | Vaults:1 | Bought a crude silver ring for 175 gold pieces
 35860 | Vaults:1 | Identified the ring "Poscheuck" {rPois rCorr} (You bought
                  | it in a shop on level 1 of the Vaults)
 35943 | Vaults:1 | Reached skill level 18 in Earth Magic
 36903 | Vaults:1 | Found Raenk's Antique Armour Shoppe.
 36910 | Vaults:1 | Found Plog's Jewellery Shop.
 36926 | Vaults:1 | Bought a warped robe for 171 gold pieces
 36926 | Vaults:1 | Identified the +1 robe of Tender Moments {rCorr MP+9 Str-4
                  | Int+6} (You bought it in a shop on level 1 of the Vaults)
 36966 | Vaults:1 | Bought jewelled quicksilver dragon scales for 2275 gold
                  | pieces
 36966 | Vaults:1 | Identified the quicksilver dragon scales of Stoicism
                  | {+Blink Will+ Int+4 Dex-2} (You bought it in a shop on
                  | level 1 of the Vaults)
 37352 | Vaults:2 | Reached skill level 19 in Earth Magic
 37352 | Vaults:2 | Reached XP level 21. HP: 150/180 MP: 36/40
 37591 | Vaults:2 | Identified the +0 chain mail of Forking Paths {rF+}
 37978 | Vaults:2 | Found Egayrr's Antique Armour Shop.
 38873 | Vaults:3 | Reached skill level 20 in Earth Magic
 39407 | Vaults:3 | Reached skill level 21 in Earth Magic
 39408 | Vaults:3 | Reached XP level 22. HP: 134/187 MP: 24/41
 39589 | Vaults:3 | Identified the ring of Wuzezxy {+Blink rC+ SInv Stlth+}
 39791 | Vaults:3 | Found a staircase to the Crypt.
 40990 | Vaults:4 | Noticed Jory
 40994 | Vaults:4 | Killed Jory
 41268 | Vaults:4 | Reached skill level 22 in Earth Magic
 41870 | Crypt:1  | Entered Level 1 of the Crypt
 41908 | Vaults:3 | Learned a level 8 spell: Necromutation
 41936 | Crypt:1  | Reached skill level 1 in Transmutations
 42179 | Crypt:1  | Noticed Saint Roka
 42195 | Crypt:1  | Killed Saint Roka
 42388 | Crypt:1  | Reached skill level 5 in Transmutations
 42541 | Crypt:1  | Reached XP level 23. HP: 178/179 MP: 15/42
 42685 | Crypt:1  | Noticed a dread lich
 42702 | Crypt:1  | Killed a dread lich
 43771 | Crypt:2  | Noticed Frederick
 43784 | Crypt:2  | Killed Frederick
 43817 | Crypt:2  | Identified the +2 cloak of Grand Tender Moments {rF+}
 43957 | Crypt:2  | Reached skill level 10 in Transmutations
 44415 | Crypt:2  | Found an ancient bone altar of Kikubaaqudgha.
 44479 | Crypt:3  | Entered Level 3 of the Crypt
 44855 | Crypt:3  | Found an ancient bone altar of Kikubaaqudgha.
 44884 | Crypt:3  | Reached XP level 24. HP: 159/201 MP: 37/42
 45384 | Crypt:3  | Gained mutation: You are dopey. (Int -2) [mutagenic glow]
 45399 | Crypt:3  | Gained mutation: You are very dopey. (Int -4) [mutagenic
                  | glow]
 45412 | Crypt:3  | Gained mutation: You occasionally lose the ability to read
                  | scrolls when taking damage. [mutagenic glow]
 45429 | Crypt:3  | Lost mutation: Your spells are a little harder to cast, but
                  | a little more powerful. [mutagenic glow]
 45445 | Crypt:3  | Gained mutation: You are agile. (Dex +4, Str/Int -1)
                  | [mutagenic glow]
 45573 | Crypt:3  | Lost mutation: You possess an exceptional clarity of mind.
                  | [potion of mutation]
 45573 | Crypt:3  | Lost mutation: You are very dopey. (Int -4) [potion of
                  | mutation]
 45573 | Crypt:3  | Lost mutation: You are agile. (Dex +4, Str/Int -1) [potion
                  | of mutation]
 45573 | Crypt:3  | Gained mutation: Your movements are slightly less
                  | encumbered by armour. (ER -2) [potion of mutation]
 45573 | Crypt:3  | Gained mutation: Your muscles are strong. (Str +4, Int/Dex
                  | -1) [potion of mutation]
 45574 | Crypt:3  | Lost mutation: You are dopey. (Int -2) [potion of mutation]
 45574 | Crypt:3  | Lost mutation: Your movements are slightly less encumbered
                  | by armour. (ER -2) [potion of mutation]
 45574 | Crypt:3  | Gained mutation: Your natural rate of healing is unusually
                  | fast. [potion of mutation]
 45574 | Crypt:3  | Gained mutation: Armour fits poorly on your strangely
                  | shaped body. [potion of mutation]
 45574 | Crypt:3  | Lost mutation: Your natural rate of healing is unusually
                  | fast. [potion of mutation]
 45575 | Crypt:3  | Lost mutation: You occasionally lose the ability to read
                  | scrolls when taking damage. [potion of mutation]
 45575 | Crypt:3  | Lost mutation: Armour fits poorly on your strangely shaped
                  | body. [potion of mutation]
 45575 | Crypt:3  | Lost mutation: Your muscles are strong. (Str +4, Int/Dex
                  | -1) [potion of mutation]
 45575 | Crypt:3  | Gained mutation: Your body sometimes deteriorates upon
                  | taking damage. [potion of mutation]
 45575 | Crypt:3  | Gained mutation: You have hidden genetic potential. [potion
                  | of mutation]
 45575 | Crypt:3  | Gained mutation: You are covered in fur. (AC +1) [potion of
                  | mutation]
 45586 | Crypt:3  | Identified the ring of Osox Iza {*Slow rF+ rN+ Str+3}
 45606 | Crypt:3  | Lost mutation: You are covered in fur. (AC +1) [potion of
                  | mutation]
 45606 | Crypt:3  | Lost mutation: You have hidden genetic potential. [potion
                  | of mutation]
 45606 | Crypt:3  | Lost mutation: Your body sometimes deteriorates upon taking
                  | damage. [potion of mutation]
 45606 | Crypt:3  | Gained mutation: Your flesh is cold resistant. (rC+)
                  | [potion of mutation]
 45606 | Crypt:3  | Gained mutation: You expend magic power (3 MP) to
                  | strengthen your wands. [potion of mutation]
 45606 | Crypt:3  | Gained mutation: You are somewhat resistant to further
                  | mutation. [potion of mutation]
 45710 | Crypt:3  | Identified the ring "Dagg" {rN+ Int+3}
 45727 | Crypt:3  | Found a staircase to the Tomb.
 45921 | Crypt:3  | Identified the +8 great sword of Lust {elec, rC+ Int+4
                  | Dex+4}
 46110 | Tomb:1   | Entered Level 1 of the Tomb of the Ancients
 46169 | Tomb:1   | Identified the +6 flail "Dozaest" {venom, SInv}
 46771 | Tomb:1   | Reached skill level 15 in Transmutations
 46832 | Tomb:1   | Noticed a royal mummy
 46841 | Tomb:1   | Killed a royal mummy
 47055 | Tomb:1   | Noticed a royal mummy
 47062 | Tomb:1   | Killed a royal mummy
 47282 | Tomb:1   | Lost mutation: Your flesh is cold resistant. (rC+) [potion
                  | of mutation]
 47282 | Tomb:1   | Lost mutation: You are somewhat resistant to further
                  | mutation. [potion of mutation]
 47282 | Tomb:1   | Gained mutation: You are agile. (Dex +4, Str/Int -1)
                  | [potion of mutation]
 47282 | Tomb:1   | Gained mutation: You have large cloven feet. [potion of
                  | mutation]
 47282 | Tomb:1   | Gained mutation: You possess an exceptional clarity of
                  | mind. [potion of mutation]
 47282 | Tomb:1   | Gained mutation: You are partially covered in iridescent
                  | scales. (AC +2) [potion of mutation]
 47382 | Tomb:1   | Acquired a book of Annihilations
 47453 | Tomb:1   | Learned a level 9 spell: Shatter
 47485 | Tomb:1   | Noticed a royal mummy
 47485 | Tomb:1   | Noticed a royal mummy
 47490 | Tomb:1   | Noticed a royal mummy
 47492 | Tomb:1   | Killed a royal mummy
 47497 | Tomb:1   | Killed a royal mummy
 47501 | Tomb:1   | Killed a royal mummy
 47539 | Tomb:1   | Noticed a royal mummy
 47554 | Tomb:1   | Killed a royal mummy
 47647 | Tomb:1   | Noticed a royal mummy
 47659 | Tomb:1   | Killed a royal mummy
 47673 | Tomb:1   | Noticed a royal mummy
 47701 | Tomb:1   | Noticed a royal mummy
 47702 | Tomb:1   | Reached XP level 25. HP: 124/207 MP: 36/42
 47703 | Tomb:1   | Noticed a royal mummy
 47709 | Tomb:1   | Noticed a royal mummy
 47729 | Tomb:1   | Killed a royal mummy
 47736 | Tomb:1   | Killed a royal mummy
 47738 | Tomb:1   | Noticed a royal mummy
 47749 | Tomb:1   | Killed a royal mummy
 47750 | Tomb:1   | Killed a royal mummy
 47895 | Tomb:1   | Killed a royal mummy
 48204 | Tomb:1   | Noticed a royal mummy
 48214 | Tomb:1   | Killed a royal mummy
 48594 | Vaults:5 | Entered Level 5 of the Vaults
 48599 | Vaults:5 | Reached skill level 23 in Earth Magic
 48744 | Vaults:5 | Identified the +0 robe "Jevylow" {rF++}
 48753 | Vaults:5 | Identified the +8 mace of Tenacity {speed, rF+ rCorr SInv}
 48799 | Vaults:5 | Identified the +6 war axe of the Boiling Point {holy, rF-
                  | Int+6}
 48799 | Vaults:5 | Identified the ring of Makhleb's Anger {+Blink rF+ rN++}
 48800 | Vaults:5 | Identified the +6 battleaxe of Ugengargh {vorpal, Int+4}
 49325 | Vaults:5 | Reached skill level 24 in Earth Magic
 49343 | Vaults:5 | Identified the +10 spear of Truth {vorpal, rElec rC+ Int+4}
 49597 | Vaults:5 | Found Rojauh's Armour Shoppe.
 49608 | Vaults:5 | Got a silver rune of Zot
 49792 | Vaults:5 | Reached XP level 26. HP: 215/215 MP: 41/42
 50042 | Vaults:5 | Identified the ring "Amagits" {rC+ Int+7 Slay-6}
 50286 | Vaults:5 | Bought the +1 pair of boots of a Gauntlet {Regen+ rCorr
                  | Int-2} for 358 gold pieces
 50499 | Elf:1    | Entered Level 1 of the Elven Halls
 50604 | Elf:1    | Found a transporter.
 50620 | Elf:1    | Found a transporter.
 50634 | Elf:1    | Found a transporter.
 50634 | Elf:1    | Found a transporter.
 50636 | Elf:1    | Found a transporter.
 50636 | Elf:1    | Found a transporter.
 51001 | Elf:1    | Got the Tractate on the Flock
 51356 | Elf:1    | Found a radiant altar of Vehumet.
 52223 | Elf:2    | Found a flickering gateway to a bazaar.
 52239 | Bazaar   | Entered a bazaar
 52255 | Bazaar   | Found Ypru Uroff's Weapon Emporium.
 52256 | Bazaar   | Found Xaojachem's Magic Scroll Emporium.
 52265 | Bazaar   | Bought a scroll of fear for 44 gold pieces
 52265 | Bazaar   | Bought a scroll of fear for 44 gold pieces
 52299 | Bazaar   | Found Kiunon's Antique Armour Shoppe.
 52299 | Bazaar   | Found Kamoegyg's Jewellery Shoppe.
 52307 | Bazaar   | Bought a polished ring mail for 234 gold pieces
 52307 | Bazaar   | Identified the +1 ring mail of the Bells {Stlth+} (You
                  | bought it in a shop in a bazaar)
 52407 | Elf:2    | Noticed Louise
 52418 | Elf:2    | Killed Louise
 52543 | Elf:2    | Found a runed translucent gate.
 52556 | Elf:2    | Found a runed translucent gate.
 52556 | Elf:2    | Found a runed translucent gate.
 52793 | Elf:2    | Reached skill level 25 in Earth Magic
 52984 | Elf:3    | Entered Level 3 of the Elven Halls
 53306 | Elf:3    | Identified the +2 hand axe "Jetol" {holy, *Rage rF+ Dex+3}
 53408 | Elf:3    | Identified the +7 morningstar "Faizo" {freeze, *Noise rC+
                  | Str+5 Int+4 Dex+2}
 53434 | Elf:3    | Identified the ring of Xaatih {rElec rF+ Int+4 SInv}
 53440 | Elf:3    | Got the Anthology of the Warped Legion
 53469 | Elf:3    | Identified the +5 quarterstaff "Ehuogom" {speed, rElec}
 53773 | Elf:3    | Reached XP level 27. HP: 221/221 MP: 42/42
 53777 | Elf:3    | Acquired 1195 gold pieces
 53779 | Elf:3    | Acquired 1229 gold pieces
 54206 | Tomb:2   | Noticed a royal mummy
 54206 | Tomb:2   | Noticed a royal mummy
 54206 | Tomb:2   | Noticed a royal mummy
 54207 | Tomb:2   | Noticed a royal mummy
 54212 | Tomb:2   | Killed a royal mummy
 54213 | Tomb:2   | Killed a royal mummy
 54214 | Tomb:2   | Reached skill level 26 in Earth Magic
 54214 | Tomb:2   | Killed a royal mummy
 54230 | Tomb:2   | Killed a royal mummy
 55118 | Tomb:3   | Entered Level 3 of the Tomb of the Ancients
 55164 | Tomb:3   | Reached skill level 27 in Earth Magic
 55180 | Tomb:3   | Noticed a royal mummy
 55185 | Tomb:3   | Noticed a royal mummy
 55197 | Tomb:3   | Noticed a royal mummy
 55197 | Tomb:3   | Noticed a royal mummy
 55197 | Tomb:3   | Noticed a royal mummy
 55198 | Tomb:3   | Noticed a royal mummy
 55198 | Tomb:3   | Noticed a royal mummy
 55334 | Tomb:3   | Noticed a royal mummy
 55335 | Tomb:3   | Killed a royal mummy
 55336 | Tomb:3   | Killed a royal mummy
 55336 | Tomb:3   | Killed a royal mummy
 55341 | Tomb:3   | Killed a royal mummy
 55341 | Tomb:3   | Killed a royal mummy
 55341 | Tomb:3   | Killed a royal mummy
 55341 | Tomb:3   | HP: 2/222 [something (20)]
 55341 | Tomb:3   | Killed by an exploding bennu... ignited by themself

Illustrated notes

Levels and vault maps discovered:
D:1:      dpeg_arrival_prison, layout_rooms,
          shapermc_ecumenical_altar_mp_vishouse, chequers_serial_rivers_micro_c,
          minmay_misc_feat_plants, minmay_misc_feat_cross, serial_bayou_ford_a
D:2:      layout_rooms, eino_tiny_chamber
D:3:      kennysheep_six_static_rooms, layout_basic,
          grunt_dithmenos_smoke_and_mirrors, serial_bayou_pond_d, st_stairs_10,
          hex_large
D:4:      layout_basic, mainiacjoe_overflow_small_starburst,
          serial_co_window_serial, co_window_paths_b, co_window_paths_b,
          co_window_cross_1, co_window_corner_a, co_window_paths_b,
          co_window_paths_a, co_window_paths_b, co_window_corner_ca,
          co_window_cross_3, co_window_corner_b, co_window_unsneaky_path_d,
          co_window_paths_c, glass_columns_a, glass_columns_a, glass_columns_c,
          solitary_fountain
D:5:      kennysheep_big_flooded_room, layout_cave_pools
D:6:      layout_basic, old_standard_altar, marbit_many_paths,
          lemuel_tele_altar, tso_altar, serial_shops,
          nicolae_shop_temple_entry_statues_fountains
D:7:      layout_loops_ring, nicolae_qazlal_style_of_elements, temple_hall,
          enter_bailey_3, uniq_maggie, uniq_crazy_yiuf_cottage, uniq_pikel
D:8:      layout_basic, mainiacjoe_overflow_paths, serial_curves,
          eino_curves_01, eino_curves_04, dreamdust_wishing_well
D:9:      layout_basic, serial_shops, nicolae_shop_waterfront,
          nicolae_shop_bloodbath_and_beyond, nicolae_diamond_shop, shop_statue,
          serial_bayou_pond_a
D:10:     nicolae_cairo_tiling_large, layout_cross, kennysheep_mini_moat,
          grunt_ministairs_1, nicolae_diode_basic, uniq_harold
D:11:     layout_layer_cave, grunt_lair_entry_orc_guard_hut,
          nemelex_spade_bored_becter
D:12:     layout_loops_ring, erik_orc_3, gauntlet_entry_generic
D:13:     layout_grid_maze, erik_vaults_2, minmay_shop_enchanted_jewellery
D:14:     layout_loops_ring, chequers_big_river, nicolae_twisting_strands
D:15:     grunt_enter_depths_magical_seal, layout_basic, serial_shops,
          nicolae_square_shop, shop, shop, chequers_serial_rivers_large_a
Temple:   nicolae_temple_god_jail
Lair:1:   layout_cave_pods, grunt_megastairs_3, uniq_joseph
Lair:2:   layout_cave_pods, hellmonk_spider_entry_not_the_bees,
          gammafunk_ghost_grave, guppyfry_lair_drakes
Lair:3:   beast_lair_carwin_large_3, layout_hall_layers,
          elwin_shoals_entry_rocks, ebering_ghost_inner_flame
Lair:4:   layout_hall_layers, ebering_ghost_funeral_grove, basic_altar,
          nicolae_lair_lil_pond, serial_bayou_shore_b, uniq_kirke
Lair:5:   minmay_lair_end_enchanted_forest, layout_loops_ring, slime_entry_1,
          lemuel_fruit_fields
Shoals:1: layout_shoals
Shoals:2: layout_shoals, portal_ice_cave_entry_pillars_2,
          nicolae_shoals_lost_giant_temple, uniq_polyphemus
Shoals:3: cheibrodos_shoals_epimethial_gifts, layout_shoals, uniq_ilsuiw
Shoals:4: shoals_end_hellmonk_lost_city, uniq_bai_suzhen
Spider:1: layout_spider_delve, nicolae_spider_checkerboard,
          hangedman_spider_tarantella_strand
Spider:2: layout_spider_delve, uniq_nikola, uniq_arachne
Spider:3: gammafunk_boulding_lane, nicolae_spider_nooks_and_crannies
Spider:4: hellmonk_spider_rune_bug_friends
Orc:1:    layout_caves, basic_altar, minmay_orc_barracks
Orc:2:    st_orc_elflike, layout_diamond_mine
Elf:1:    eino_elf_arrival_customs, layout_onion_city, basic_altar,
          minmay_elf_demonology, serial_nicolae_subway,
          nicolae_sub_station_stone, nicolae_sub_station_metal,
          nicolae_sub_station_crystal
Elf:2:    elven_hall_of_blades_hangedman_original
          [nicolae_blade_entry_area_security], layout_geoelf_grid, serial_shops,
          bzr_in_the_mist, uniq_louise
Elf:3:    grunt_elf_hall_asides, layout_rooms, grunt_megastairs_1
Vaults:1: v_misc_8, nicolae_vaults_three_branches, v_misc_28, v_misc_12,
          hangedman_vaults_locks, ontoclasm_vaults_eye, vaults_dpeg_cross,
          nicolae_vaults_little_squares_4, v_pattern_2, layout_vaults_ring,
          serial_shops, nicolae_shop_waterfront, nicolae_shop_hallway_stairs,
          shop, nicolae_shop_statue_plus, nicolae_shop_hallway_plus
Vaults:2: hangedman_vaults_unwind, nicolae_vaults_network_quinsquares
          [nicolae_vaults_network_quincunx_subvault,
          nicolae_vaults_network_quincunx_subvault,
          nicolae_vaults_network_quincunx_subvault,
          nicolae_vaults_network_quincunx_subvault], v_misc_18,
          grunt_vaults_trifunnel, grunt_vaults_hallway_long,
          ontoclasm_vaults_chip, st_cross, v_misc_1,
          nicolae_vaults_circle_grid_b, vaults_room_pools, v_misc_23,
          vaults_mumra_chevron, vaults_dpeg_encased_lava, v_alt_pattern_1,
          layout_vaults_maze_bifur, serial_shops, nicolae_lakefront_shop
Vaults:3: minmay_crypt_entry_simple_sparse, vaults_dpeg_emergency_exit,
          st_greater_box_1, hangedman_vaults_slither,
          nicolae_vaults_circle_grid_a, nicolae_vaults_alarming,
          vaults_room_fours, v_misc_11, layout_vaults_omnibox, serial_glass
Vaults:4: nicolae_vaults_disjoint_gnomons, v_rooms_5, v_misc_23,
          ontoclasm_vaults_twist, ontoclasm_vaults_spin, vaults_mumra_lcd,
          vaults_room_large_hall, vaults_room_stairs_pillars,
          nicolae_vaults_diagonal_hallway_7, nicolae_vaults_shelves_hall,
          grunt_vaults_hallway_short, layout_vaults_omnicross, uniq_jory
Vaults:5: uniq_margery
Crypt:1:  layout_rooms, special_room [special_room_morgue], uniq_saint_roka
Crypt:2:  cheibrodos_crypt_eye_of_stone, layout_misc_corridors, uniq_frederick
Crypt:3:  grunt_crypt_end_deaths_head
Tomb:1
Tomb:2
Tomb:3

Skill      XL: |  1  2  3  4  5  6  7  8  9 10 11 12 13 14 15 16 17 18 19 20 21 22 23 24 25 26 27 |
---------------+----------------------------------------------------------------------------------+-----
Dodging        | 2 3 4 6 8 9 |  9.7
Armour         | 1 2 3 5 6 8 10 12 | 12.7
Fighting       | 1 2 3 5 6 8 10 14 18 19 | 19.4
Conjurations   | 4 5 |  5.0
Spellcasting   | 3 4 6 7 9 10 12 14 15 | 15.0
Shields        | 5 9 11 15 | 15.8
Necromancy     | 1 4 9 11 12 14 15 17 19 20 21 22 | 22.0
Earth Magic    | 8 12 14 16 19 21 22 24 25 27 | 27.0
Transmutations | 5 11 16 19 21 22 | 22.0
Stealth        | |  2.4

Action                   |  1- 3 |  4- 6 |  7- 9 | 10-12 | 13-15 | 16-18 | 19-21 | 22-24 | 25-27 || total
-------------------------+-------+-------+-------+-------+-------+-------+-------+-------+-------++-------
Melee: Quarterstaff      |    28 |    42 |    10 |       |       |       |       |       |       ||    80
       Club              |     1 |       |       |       |       |       |       |       |       ||     1
       Flail             |       |       |    19 |       |       |       |       |       |       ||    19
       War axe           |       |       |    92 |   251 |   324 |   157 |   109 |    45 |       ||   978
       Great sword       |       |       |       |     2 |    99 |   201 |   364 |   483 |   457 ||  1606
 Fire: Sling             |     1 |    48 |    37 |       |       |       |       |       |       ||    86
       Shortbow          |       |       |       |     1 |       |       |       |       |       ||     1
       Arbalest          |       |       |       |       |       |       |       |     4 |       ||     4
 Cast: Magic Dart        |    33 |     6 |    42 |    16 |       |     1 |     1 |       |       ||    99
       Searing Ray       |     2 |    10 |    32 |    20 |     1 |       |     1 |       |       ||    66
       Vampiric Draining |       |       |     8 |    38 |     9 |    40 |    33 |     4 |       ||   132
       Borgnjor's Vile C |       |       |       |    33 |   162 |   342 |   373 |   333 |   222 ||  1465
       Sublimation of Bl |       |       |       |     8 |    29 |    10 |    17 |     9 |     9 ||    82
       Dispel Undead     |       |       |       |     4 |    10 |     3 |     6 |   131 |    29 ||   183
       Necromutation     |       |       |       |       |       |       |       |    10 |    45 ||    55
       Shatter           |       |       |       |       |       |       |       |     2 |    28 ||    30
Invok: Receive Forbidden |       |       |       |       |     1 |       |       |       |       ||     1
       Renounce Religion |       |       |       |       |     1 |       |       |       |       ||     1
       Potion Petition   |       |       |       |       |       |       |       |       |     2 ||     2
 Abil: Shaft Self        |       |       |     1 |     2 |       |       |       |       |       ||     3
       Dig               |       |       |     3 |       |     5 |     3 |       |     1 |       ||    12
       End Transformatio |       |       |       |       |       |       |       |     3 |     9 ||    12
Evoke: Wand              |       |       |     4 |       |     2 |       |       |       |       ||     6
  Use: Scroll            |       |       |     6 |    10 |     1 |     2 |     9 |    11 |     7 ||    46
       Potion            |       |       |       |     1 |     3 |     1 |     1 |     5 |     1 ||    12
 Stab: Sleeping          |     1 |       |       |     4 |     4 |       |       |     1 |       ||    10
       Distracted        |       |       |       |     2 |     4 |     9 |     6 |     8 |     3 ||    32
Armor: Robe              |    15 |       |       |       |       |       |       |       |       ||    15
       Leather armour    |     1 |    44 |    69 |    42 |       |       |       |       |       ||   156
       Troll leather arm |       |       |       |    37 |   162 |   202 |   340 |   443 |   332 ||  1516
Dodge: Dodged            |    22 |    40 |    73 |   141 |   194 |   326 |   346 |   393 |   355 ||  1890
Block: Buckler           |       |       |     2 |       |       |       |       |       |       ||     2
       Kite shield       |       |       |   155 |   314 |       |       |       |       |       ||   469
       Reflection        |       |       |     1 |    16 |    23 |    55 |    23 |    19 |    50 ||   187
       Tower shield      |       |       |       |    33 |   710 |   746 |   803 |  1020 |   952 ||  4264
